 Dungeon Crawl Stone Soup version 0.24.1 (webtiles) character file.

Game seed: 741984116251825869, levelgen mode: deterministic

83 Destapler the Magician (level 4, -2/32 HPs)
             Began as a Mummy Ice Elementalist on Mar 26, 2020.
             Slain by a hobgoblin (5 damage)
             ... led by Robin
             ... on level 3 of the Dungeon.
             The game lasted 00:18:55 (2044 turns).

Destapler the Magician (Mummy Ice Elementalist)     Turns: 2044, Time: 00:18:55

Health: -2/32      AC:  2    Str: 11    XL:     4   Next: 22%
Magic:  4/9        EV: 11    Int: 15    God:
Gold:   88         SH:  3    Dex: 12    Spells: 7/10 levels left

rFire    x . .     SeeInvis .   a - +0 dagger
rCold    + . .     Gourm    .   j - +0 buckler
rNeg     + + +     Faith    .   m - +0 robe
rPois    ∞         Spirit   .   (no helmet)
rElec    .         Reflect  .   (no cloak)
rCorr    .         Harm     .   (no gloves)
MR       .....                  (no boots)
Stlth    ++........             (no amulet)
HPRegen  0.10/turn              (no ring)
MPRegen  0.11/turn              (no ring)

@: no status effects
A: no food or potions, fire vulnerability, cold resistance 1, negative energy
resistance 3, torment resistance, unbreathing
a: no special abilities


You were on level 3 of the Dungeon.
You were not hungry.

You visited 1 branch of the dungeon, and saw 3 of its levels.

You collected 88 gold pieces.

Inventory:

Hand Weapons
 a - a +0 dagger (weapon)
 b - a +0 hand axe of chopping
Missiles
 h - 106 stones
 k - 13 poisoned darts (quivered)
Armour
 j - a +0 buckler (worn)
 m - a +0 robe (worn)
Scrolls
 c - a scroll of identify
 d - 2 scrolls of blinking
 e - a scroll of remove curse
 f - 2 scrolls of fear {unknown}
 g - a scroll of teleportation


   Skills:
 - Level 1.0 Fighting
 + Level 0.4 Short Blades
 + Level 2.0 Dodging
 - Level 2.0 Stealth
 - Level 0.3 Shields
 - Level 0.1 Unarmed Combat
 + Level 3.5 Spellcasting
 * Level 0.9 Conjurations
 - Level 3.0 Ice Magic


You had 7 spell levels left.
You knew the following spells:

 Your Spells              Type           Power        Failure   Level  Hunger
a - Freeze                Ice            ##..         9%          1    N/A
b - Throw Frost           Conj/Ice       #.....       21%         2    N/A

Your spell library contained the following spells:

 Spells                   Type           Power        Failure   Level  Hunger
 Ozocubu's Armour         Chrm/Ice       #.......     45%         3    N/A
 Throw Icicle             Conj/Ice       #.......     80%         4    N/A
 Summon Ice Beast         Ice/Summ       #.......     86%         4    N/A

Dungeon Overview and Level Annotations

Branches:
Dungeon (3/15)

Altars:
Hepliaklqana

Annotations:
D:3 Robin


Innate Abilities, Weirdness & Mutations

You do not eat or drink.
Your flesh is vulnerable to fire.
You are immune to poison.
Your flesh is cold resistant. (rC+)
You are immune to negative energy. (rN+++)
You are immune to unholy pain and torment.
You can survive without breathing.


Message History

The goblin barely misses you. The goblin hits you with a +0 club!
The goblin misses you. The goblin hits you with a +0 dagger.
* * * LOW HITPOINT WARNING * * *
You barely miss the goblin. The goblin closely misses you. x2
The goblin barely misses you. The goblin hits you with a +0 dagger.
* * * LOW HITPOINT WARNING * * *
Casting: Freeze (safe; 9% risk of failure)
Confirm with . or Enter, or press ? or * to list all spells.
Aiming: Freeze (safe; 9% risk of failure)
Press: ? - help, Shift-Dir - straight line, f - goblin
Aim: a goblin, wielding a +0 club (unusually strong)
You freeze the goblin.
You kill the goblin!
The goblin misses you. The hobgoblin misses you. The goblin closely misses you.
The goblin hits you with a +0 club.
* * * LOW HITPOINT WARNING * * *
You hit the goblin.
You kill the goblin!
The goblin barely misses you. The hobgoblin hits you.
You die...

... ... #.#
...... . #.#
...... .. #.#
...(.
#.##.##..(..
.....g.(#
#.#g..(# #.#@gg#
+.gg..# ##..†.#
###'## # #.##
≈## #..# ≈≈≈#.
#.##≈≈≈≈≈≈
#...≈≈≈≈≈.≈≈≈≈≈
#.##.≈≈≈≈≈≈≈≈≈≈≈


You could see Robin, a hobgoblin and 4 goblins.

Vanquished Creatures
  2 adders (D:2)
  2 oozes
  A worm (D:2)
  An orc (D:3)
  2 ball pythons
  2 giant cockroaches (D:1)
  9 goblins
  4 hobgoblins
  4 jackals (D:2)
  A quokka (D:2)
  7 bats
  A frilled lizard (D:1)
  5 kobolds
  8 rats
49 creatures vanquished.

Notes
Turn   | Place    | Note
-------+----------+-------------------------------------------
     0 | D:1      | Destapler the Mummy Ice Elementalist began the quest for
                  | the Orb.
     0 | D:1      | Reached XP level 1. HP: 13/13 MP: 4/4
   114 | D:1      | Reached XP level 2. HP: 15/20 MP: 0/5
   215 | D:1      | Learned a level 2 spell: Throw Frost
   705 | D:2      | Reached skill level 1 in Fighting
  1032 | D:2      | Reached XP level 3. HP: 19/26 MP: 0/7
  1452 | D:2      | Found a hazy altar of Hepliaklqana.
  1803 | D:3      | Reached XP level 4. HP: 27/32 MP: 5/9
  2030 | D:3      | Noticed Robin
  2044 | D:3      | Slain by a hobgoblin

Levels and vault maps discovered:
D:1:      psy_arrival_terrarium, layout_rooms, hex_tiny, nrook_mini_backslash,
          grunt_decor_clamped
D:2:      layout_basic, overflow_temple_1_default, guppyfry_early_lair_pool
D:3:      layout_basic, lemuel_coloured_pillars_altar,
          chequers_ecumenical_altar_grove, serial_rivers,
          chequers_serial_rivers_marsh, chequers_serial_rivers_micro_c,
          chequers_serial_rivers_micro_a, chequers_serial_rivers_large_a,
          chequers_serial_rivers_room_a, chequers_serial_rivers_marsh,
          minmay_close_crescents, uniq_robin

Skill      XL: |  1  2  3  4 |
---------------+-------------+-----
Spellcasting   | 3 |  3.5
Fighting       | 1 |  1.0
Stealth        | 2 |  2.0
Ice Magic      | 3 |  3.0
Dodging        | 2 |  2.0
Short Blades   | |  0.4
Shields        | |  0.3
Unarmed Combat | |  0.1
Conjurations   | |  0.9

Action                   |  1- 3 |  4- 6 || total
-------------------------+-------+-------++-------
Melee: Dagger            |    98 |     8 ||   106
       Unarmed           |     4 |       ||     4
Throw: Stone             |    14 |       ||    14
       Dart              |       |     4 ||     4
 Cast: Freeze            |    36 |    10 ||    46
       Throw Frost       |    10 |       ||    10
  Use: Scroll            |     3 |       ||     3
 Stab: Sleeping          |     1 |     2 ||     3
Armor: Robe              |    22 |     2 ||    24
Dodge: Dodged            |    96 |    20 ||   116
Block: Buckler           |    12 |     2 ||    14
